 Dungeon Crawl Stone Soup version 0.27-a0-1136-g0b992a5a9d (webtiles) character file.

Game seed: 3416427194893941907

2316 Anon1729 the Cudgeller (level 8, 0/70 HPs)
             Began as a Demigod Fighter on May 5, 2021.
             Slain by a steam dragon (6 damage)
             ... on level 6 of the Dungeon.
             The game lasted 00:05:48 (7507 turns).

Anon1729 the Cudgeller (Demigod Fighter)            Turns: 7507, Time: 00:05:49

Health: 0/70       AC: 15    Str: 25    XL:     8   Next: 98%
Magic:  10/10      EV:  5    Int: 16    God:
Gold:   286        SH: 16    Dex: 13    Spells: 7/7 levels left

rFire    . . .     SeeInvis .   a - +0 flail
rCold    . . .     Faith    .   c - +0 kite shield
rNeg     . . .     Spirit   .   l - +0 plate armour
rPois    .         Reflect  +   s - +1 helmet
rElec    .         Harm     .   (no cloak)
rCorr    .         Rampage  .   (no gloves)
Will     +....                  (no boots)
Stlth    ..........             f - amulet of reflection
HPRegen  0.21/turn              i - +6 ring of intelligence
MPRegen  0.12/turn              A - ring of willpower

@: no status effects
A: high mp 1, forlorn
a: no special abilities


You were on level 6 of the Dungeon.
You visited 1 branch of the dungeon, and saw 7 of its levels.

You collected 286 gold pieces.

Inventory:

Hand Weapons
 a - a +0 flail (weapon)
 x - a +3 whip of venom
Missiles
 u - a throwing net (quivered)
Armour
 b - a +0 scale mail
 c - a +0 kite shield (worn)
 l - a +0 plate armour (worn)
 s - a +1 helmet (worn)
Jewellery
 f - an amulet of reflection (around neck)
 i - a +6 ring of intelligence (left hand)
 A - a ring of willpower (right hand)
Wands
 o - a wand of digging (6)
Scrolls
 g - 5 scrolls of amnesia {unknown}
 h - a scroll of vulnerability {unknown}
 j - 10 scrolls of identify {unknown}
 k - 2 scrolls of enchant armour {unknown}
 m - a scroll of magic mapping {unknown}
 p - 4 scrolls of teleportation {unknown}
 r - a scroll of fear {unknown}
 t - a scroll of holy word {unknown}
 w - a scroll of summoning {unknown}
 y - a scroll of immolation {unknown}
Potions
 d - a potion of might
 n - a potion of ambrosia {unknown}
 q - 2 potions of lignification {unknown}
 v - a potion of haste {unknown}
 z - 2 potions of heal wounds {unknown}


   Skills:
 + Level 6.1 Fighting
 * Level 6.4 Maces & Flails
 + Level 6.0 Armour
 + Level 6.0 Shields


You had 7 spell levels left.
You didn't know any spells.
Your spell library contained the following spells:

 Spells                   Type           Power      Damage    Failure   Level
 Magic Dart               Conj           0%         1d3       100%        1
 Blink                    Tloc           N/A        N/A       100%        2
 Call Imp                 Summ           0%         N/A       100%        2
 Slow                     Hex            0%         N/A       100%        2
 Conjure Flame            Conj/Fire      0%         6-21      100%        3
 Mephitic Cloud           Conj/Pois/Air  0%         N/A       100%        3


Dungeon Overview and Level Annotations

Branches:
Dungeon (7/15)             Temple (0/1) D:5


Innate Abilities, Weirdness & Mutations

Your attributes grow dramatically as you level up.
You have an increased reservoir of magic. (+10% MP)
You shall have no god before yourself.


Message History

The steam dragon is almost dead.
The steam dragon bites you but does no damage.
You block the steam dragon's attack.
You hit the steam dragon but do no damage.
The steam dragon is almost dead.
You block the steam dragon's attack.
The steam dragon claws you but does no damage.
You closely miss the steam dragon.
The steam dragon is almost dead.
The steam dragon breathes steam at you. The ball of steam hits you!
* * * LOW HITPOINT WARNING * * *
You block the steam dragon's attack.
The steam dragon claws you but does no damage.
The wyvern skeleton is engulfed in a cloud of scalding steam.
You block the wyvern skeleton's attack. You block the steam dragon's attack. x2
The wyvern skeleton bites you.
* * * LOW HITPOINT WARNING * * *
There is an open door here.
You feel better. The wyvern skeleton bites you.
* * * LOW HITPOINT WARNING * * *
You block the wyvern skeleton's attack.
You sock the wyvern skeleton!
The wyvern skeleton is heavily damaged.
You block the wyvern skeleton's attack.
You hit the wyvern skeleton.
The wyvern skeleton is heavily damaged.
The wyvern skeleton bites you but does no damage.
You block the wyvern skeleton's attack.
You thump the wyvern skeleton!
The wyvern skeleton is almost destroyed.
The wyvern skeleton bites you but does no damage.
You closely miss the steam dragon.
The steam dragon is almost dead.
The steam dragon breathes steam at you. The ball of steam hits you!
* * * LOW HITPOINT WARNING * * *
You hear a shout! x4
The steam dragon bites you.
You die...

.... #....# #.......... ....
##...# #.......... .....
#...# #####..........
.....###...# #..............
......#..#####
#.....####+#...
####.#........###.....# ##..
#........####...#.....###
#..
#.####..##..##..'.....'..
#.####'.#...ZD@##.....#
#.......#...Z#§.......#
###.....##..#####.....#
#......##'###(##....# #
+....#####.†.[.#....#
#.#...##..Z'###.##....#
#.###.#.[.ZD#.###..#####.
###.....#).)..#..........)..
#.###...#$../.#..).+........


You could see a steam dragon (catching breath), a bullfrog skeleton and a wyvern
skeleton.

Vanquished Creatures
  Grinder (D:3)
  Menkaure (D:7)
  2 sky beasts
  A black bear (D:6)
  2 ogres
  3 necrophages
  A centaur (D:5)
  A bullfrog (D:7)
  A water moccasin zombie (D:5)
  5 scorpions
  3 wights (D:6)
  A bullfrog zombie (D:6)
  2 jellies (D:6)
  An orc priest (D:6)
  2 hounds (D:6)
  A centaur skeleton (D:6)
  4 iguanas
  2 orc wizards
  3 hound skeletons
  7 gnolls (D:4)
  7 adders
  A shadow imp (D:7)
  An ufetubus (D:4)
  6 worms
  2 dart slugs
  18 orcs
  8 endoplasms
  3 giant cockroaches
  6 goblins
  10 hobgoblins
  8 jackals
  4 quokkas
  4 ball pythons
  12 bats
  8 frilled lizards
  7 kobolds
  A quokka skeleton (D:4)
  4 rats
154 creatures vanquished.

Vanquished Creatures (others)
  A kobold (D:3)
  3 plants (D:7)
4 creatures vanquished.

Grand Total: 158 creatures vanquished

Notes
Turn   | Place    | Note
-------+----------+-------------------------------------------
     0 | D:1      | Anon1729 the Demigod Fighter began the quest for the Orb.
     0 | D:1      | Reached XP level 1. HP: 18/18 MP: 3/3
   487 | D:1      | Reached XP level 2. HP: 25/25 MP: 4/4
  1287 | D:1      | Reached XP level 3. HP: 7/31 MP: 5/5
  2487 | D:2      | Reached XP level 4. HP: 37/38 MP: 6/6
  3158 | D:3      | Noticed Grinder
  3168 | D:3      | Killed Grinder
  3169 | D:3      | Reached XP level 5. HP: 20/46 MP: 7/7
  3451 | D:3      | Reached XP level 6. HP: 43/52 MP: 8/8
  4891 | D:4      | Reached XP level 7. HP: 40/60 MP: 9/9
  5183 | D:5      | Entered Level 5 of the Dungeon
  5552 | D:5      | Found a staircase to the Ecumenical Temple.
  5561 | D:5      | Reached skill level 5 in Fighting
  5561 | D:5      | Reached skill level 5 in Armour
  5561 | D:5      | Reached skill level 5 in Shields
  5634 | D:5      | Reached XP level 8. HP: 66/68 MP: 10/10
  6117 | D:5      | Reached skill level 5 in Maces & Flails
  6545 | D:7      | Noticed Menkaure
  6562 | D:7      | Killed Menkaure
  7507 | D:6      | Slain by a steam dragon

Illustrated notes

Levels and vault maps discovered:
D:1:      psy_arrival_spokes, layout_basic, serial_rivers,
          chequers_serial_rivers_small_a, chequers_serial_rivers_small_3,
          chequers_serial_rivers_micro_d, chequers_serial_rivers_room_a,
          chequers_ecumenical_altar_island, grunt_decor_one_mirror,
          minmay_small_reverse_x
D:2:      layout_basic, st_stairs_5, supply_closet_lemuel,
          mrwooster_statue_mirror, minmay_3d_cube
D:3:      layout_basic, nrook_mini_backslash, uniq_grinder
D:4:      layout_rooms, cheibrodos_sewer_entry_drain
D:5:      layout_rooms, doesnt_xom_only_xom, lemuel_tele_altar,
          minmay_temple_entry_stoned_glass, serial_corexii_hall,
          corexii_hall_statues_t, chequers_hall_statues_corner_a,
          corexii_hall_statues_deadend, corexii_hall_statues_x,
          lemuel_flamethrower_1
D:6:      layout_basic, minmay_joined_circles
D:7:      layout_loops_ring, kennysheep_mini, ashenzari_altar_1,
          chequers_big_river, minmay_misc_feat_tiny, uniq_menkaure, uniq_pikel

Skill      XL: |  1  2  3  4  5  6  7  8 |
---------------+-------------------------+-----
Maces & Flails | 2 3 4 6 |  6.4
Armour         | 3 4 5 6 |  6.0
Fighting       | 3 4 5 6 |  6.1
Shields        | 3 4 5 6 |  6.0

Action                   |  1- 3 |  4- 6 |  7- 9 || total
-------------------------+-------+-------+-------++-------
Melee: Flail             |   208 |   176 |   302 ||   686
  Use: Potion            |       |     1 |     1 ||     2
Armor: Scale mail        |   106 |       |       ||   106
       Plate armour      |    39 |    86 |   144 ||   269
Dodge: Dodged            |    73 |    19 |    50 ||   142
Block: Kite shield       |   238 |   161 |   277 ||   676
       Reflection        |     1 |     6 |     3 ||    10

Table legend: (Time is in decaauts)
 A = Elapsed time spent in this place.
 B = Non-inter-level travel time spent in this place.
 C = Inter-level travel time spent in this place.
 D = Time resting spent in this place.
 E = Time spent auto-exploring this place.
 F = Levels seen in this place.
 G = Mean time per level.
                   A        B        C        D        E       F      G
               +--------+--------+--------+--------+--------+-----+--------+
         Total |   7805 |   7651 |    154 |    928 |   5257 |   7 | 1115.0 |
       Dungeon |   7805 |   7651 |    154 |    928 |   5257 |   7 | 1115.0 |
               +--------+--------+--------+--------+--------+-----+--------+

Top non-repeatable levels by time:
     D:2: 1573 daAuts
     D:1: 1568 daAuts
     D:4: 1345 daAuts
     D:3: 1153 daAuts
     D:5: 1038 daAuts
     D:6: 818 daAuts
     D:7: 308 daAuts
